 Dungeon Crawl Stone Soup version 0.29-a0-284-gf9362112df (webtiles) character file.

Game seed: 12267302266707015775

28 mistaj the Skirmisher (level 2, -5/25 HPs)
             Began as a Palentonga Fighter on Mar 19, 2022.
             Slain by a hobgoblin (6 damage)
             ... led by Robin
             ... on level 1 of the Dungeon.
             The game lasted 00:01:38 (765 turns).

mistaj the Skirmisher (Palentonga Fighter)           Turns: 765, Time: 00:01:39

Health: -5/25      AC:  6    Str: 19    XL:     2   Next: 96%
Magic:  2/2        EV:  7    Int:  8    God:
Gold:   79         SH:  4    Dex:  9    Spells: 1/1 levels left

rFire   . . .      SeeInvis +     - Unarmed
rCold   . . .      Faith    .   b - +0 buckler
rNeg    . . .      Spirit   .   a - +0 scale mail
rPois   .          Reflect  .   (no helmet)
rElec   .          Harm     .   (no cloak)
rCorr   .          Rampage  .   (no gloves)
Will    .....                   (no barding)
Stlth   ..........              (no amulet)
HPRegen 0.08/turn               (no ring)
MPRegen 0.08/turn               (no ring)

@: no status effects
A: large, rugged brown scales 3, see invisible, deformed body, roll 1, armoured
tail
a: Rolling Charge


You were on level 1 of the Dungeon.
You visited 1 branch of the dungeon, and saw 2 of its levels.

You collected 79 gold pieces.

Inventory:

Armour
 a - a +0 scale mail (worn)
 b - a +0 buckler (worn)
Magical Staves
 d - a staff of death
Scrolls
 e - a scroll of blinking {unknown}
 f - a scroll of vulnerability {unknown}
 h - a scroll of immolation {unknown}
 i - 3 scrolls of magic mapping {unknown}
 l - a scroll of teleportation {unknown}
 m - a scroll of identify {unknown}
 n - a scroll of enchant weapon {unknown}
 o - a scroll of amnesia {unknown}
 p - a scroll of fear {unknown}
Potions
 c - a potion of might
 g - a potion of invisibility {unknown}
 j - a potion of berserk rage {unknown}
 k - a potion of curing {unknown}


   Skills:
 + Level 3.6 Fighting
 - Level 2.4 Armour
 - Level 2.4 Shields
 + Level 2.8 Unarmed Combat


You had one spell level left.
You didn't know any spells.
Your spell library was empty.

Dungeon Overview and Level Annotations

Branches:
Dungeon (2/15)

Altars:

Annotations:
D:2 Robin


Innate Abilities, Weirdness & Mutations

You are completely covered in rugged brown scales. (AC +3, +7% HP)
You have supernaturally acute eyesight. (SInv)
Armour fits poorly on your strangely shaped body.
You can roll at nearby foes to attack.
You have a long armoured tail.


Message History

Robin throws the goblin at you! The goblin hits you with a +0 club.
You climb upwards.
There is a stone staircase leading down here.
You hit the hobgoblin.
Your tail-slap misses the hobgoblin.
The hobgoblin is heavily wounded.
The hobgoblin barely misses you. The goblin hits you with a +0 club. x2
You block the goblin's attack.
You hit the hobgoblin.
Your tail-slap misses the hobgoblin.
The hobgoblin is almost dead.
The hobgoblin barely misses you. The goblin hits you with a +0 club.
The goblin hits you but does no damage. The goblin barely misses you.
You hit the hobgoblin but do no damage.
The hobgoblin is almost dead.
The hobgoblin hits you but does no damage.
The goblin hits you but does no damage. The goblin hits you with a +0 club.
The goblin closely misses you.
You barely miss the hobgoblin.
The hobgoblin is almost dead.
The hobgoblin hits you but does no damage.
The goblin hits you with a +0 club. x3
You are too injured to fight recklessly!
You are too injured to fight recklessly!
You are too injured to fight recklessly!
You are too injured to fight recklessly!
You hit the goblin.
You kill the goblin!
The hobgoblin closely misses you. The goblin hits you with a +0 club.
The goblin closely misses you. The hobgoblin hits you.
You block the goblin's attack.
You see here a +0 club.
The hobgoblin barely misses you. The goblin hits you but does no damage.
You closely miss the goblin.
Your tail-slap misses the goblin.
The hobgoblin hits you. The goblin hits you with a +0 club.
* * * LOW HITPOINT WARNING * * *
The goblin hits you with a +0 club.
* * * LOW HITPOINT WARNING * * *
You hit the goblin.
You kill the goblin!
The hobgoblin hits you.
You die...

##### ####...#
#......#############
###########.....[....##.....##
#....##......⌠...............#
###......##...................
#....#..#...g.).............
##....##.###@g>..............
#.....##.# ##).)..........)..
#....###.# #................
#....# #.# #................
#.#### #.# ##..............#
#.# #.# ##.......÷.)..## #.#
#.#########....#.##### ##.#
#.##.........#.#...#.. #..#
####.##.........#.###....


You could see a hobgoblin (strong) and a goblin (strong).

Vanquished Creatures
  A bat (D:1)
  2 giant cockroaches
  8 goblins
  5 hobgoblins (D:1)
  2 kobolds (D:1)
  2 ball pythons (D:1)
  3 frilled lizards
  A rat (D:1)
24 creatures vanquished.

Vanquished Creatures (others)
  4 fungi (D:2)
  3 plants (D:2)
7 creatures vanquished.

Grand Total: 31 creatures vanquished

Notes
Turn   | Place    | Note
-------+----------+-------------------------------------------
     0 | D:1      | mistaj the Palentonga Fighter began the quest for the Orb.
     0 | D:1      | Reached XP level 1. HP: 19/19 MP: 1/1
   156 | D:1      | Reached XP level 2. HP: 21/25 MP: 2/2
   613 | D:2      | Noticed Robin
   764 | D:1      | HP: 1/25 [goblin/+0 club[Robin] (4)]
   765 | D:1      | Slain by a hobgoblin

Illustrated notes

Levels and vault maps discovered:
D:1:      mainiacjoe_arrival_reflecting_pool, layout_rooms, solitary_fountain,
          serial_bayou_crossing
D:2:      layout_loops_ring, shapermc_ecumenical_altar_mp_urbaneastern,
          uniq_robin, uniq_terence

Action                   || total
-------------------------++-------
Melee: Unarmed           ||    61
       Tailslap          ||     6
Armor: Scale mail        ||    50
Dodge: Dodged            ||    27
Block: Buckler           ||    14

Table legend: (Time is in decaauts)
 A = Elapsed time spent in this place.
 B = Non-inter-level travel time spent in this place.
 C = Inter-level travel time spent in this place.
 D = Time resting spent in this place.
 E = Time spent auto-exploring this place.
 F = Levels seen in this place.
 G = Mean time per level.
                   A        B        C        D        E       F      G
               +--------+--------+--------+--------+--------+-----+--------+
         Total |    775 |    740 |     35 |    189 |    314 |   2 |  387.5 |
       Dungeon |    775 |    740 |     35 |    189 |    314 |   2 |  387.5 |
               +--------+--------+--------+--------+--------+-----+--------+

Top non-repeatable levels by time:
     D:1: 718 daAuts
     D:2: 56 daAuts
